 Dungeon Crawl Stone Soup version 0.25-a0-489-g9ae84a01e3 (webtiles) character file.

Game seed: 15721302182297419590, levelgen mode: deterministic

4 Forecaster the Magician (level 1, -1/15 HPs)
             Began as a Naga Wizard on Feb 11, 2020.
             Slain by a hobgoblin
             ... wielding a +0 club
              (3 damage)
             ... on level 1 of the Dungeon.
             The game lasted 00:02:09 (114 turns).

Forecaster the Magician (Naga Wizard)                Turns: 114, Time: 00:02:09

Health: -1/15      AC:  2    Str:  9    XL:     1   Next: 60%
Magic:  0/4        EV: 10    Int: 18    God:
Gold:   0          SH:  0    Dex:  7    Spells: 5/6 levels left

rFire    . . .     SeeInvis +   f - +0 dagger
rCold    . . .     Gourm    .   (no shield)
rNeg     . . .     Faith    .   a - +0 robe
rPois    +         Spirit   .   b - +0 hat
rElec    .         Reflect  .   (no cloak)
rCorr    .         Harm     .   (no gloves)
MR       .....     Clarity  +   (no barding)
Stlth    ++........             (no amulet)
HPRegen  0.05/turn              (no ring)
MPRegen  0.09/turn              (no ring)

@: very slow
A: large, rugged brown scales 1, see invisible, clarity, clumsy 1, deformed
body, poison resistance, slowness 2, slow metabolism 1, spit poison 1, AC +0
a: Spit Poison


You were on level 1 of the Dungeon.
You were not hungry.

You visited 1 branch of the dungeon, and saw 1 of its levels.

Inventory:

Hand Weapons
 f - a +0 dagger (weapon)
Armour
 a - a +0 robe (worn)
 b - a +0 hat (worn)
 c - a +0 leather armour
Comestibles
 d - a ration


   Skills:
 + Level 1.7 Dodging
 + Level 3.0 Stealth
 + Level 3.1 Spellcasting
 + Level 1.0 Conjurations
   Level 1.0 Summonings
   Level 1.0 Translocations


You had 5 spell levels left.
You knew the following spells:

 Your Spells              Type           Power        Failure   Level  Hunger
a - Magic Dart            Conj           #...         11%         1    None

Your spell library contained the following spells:

 Spells                   Type           Power        Failure   Level  Hunger
 Blink                    Tloc           N/A          16%         2    ##.....
 Call Imp                 Summ           #.......     16%         2    ##.....
 Slow                     Hex            #.......     24%         2    ##.....
 Conjure Flame            Conj/Fire      #.......     36%         3    ###....
 Mephitic Cloud           Conj/Pois/Air  #.......     38%         3    ###....


Dungeon Overview and Level Annotations

Branches:
Dungeon (1/15)

Altars:


Innate Abilities, Weirdness & Mutations

You cannot wear boots.
Your serpentine skin is tough. (AC +0)
You have supernaturally acute eyesight. (SInv)
Armour fits poorly on your strangely shaped body.
Your system is resistant to poisons. (rPois)
You cover ground very slowly.
You have a slow metabolism.
You can spit poison.
You are partially covered in rugged brown scales. (AC +1, +3% HP)
You possess an exceptional clarity of mind.
You are clumsy. (Dex -2)


Message History

The bat closely misses you. The hobgoblin hits you with a +0 club.
* * * LOW HITPOINT WARNING * * *
The hobgoblin barely misses you. The bat hits you.
* * * LOW HITPOINT WARNING * * *
It was a potion of mutation.
You feel extremely strange.
Rugged brown scales grow over part of your body.
You feel clumsy.
Your thoughts seem clearer.
The bat hits you.
* * * LOW HITPOINT WARNING * * *
The hobgoblin barely misses you. The hobgoblin closely misses you.
Casting: Magic Dart (safe; 11% risk of failure)
Confirm with . or Enter, or press ? or * to list all spells.
Aiming: Magic Dart (safe; 11% risk of failure)
Press: ? - help, Shift-Dir - straight line, f/p - hobgoblin
Aim: a hobgoblin (moderately wounded)
The magic dart hits the hobgoblin but does no damage.
The hobgoblin is moderately wounded.
The hobgoblin barely misses you. The hobgoblin hits you with a +0 club.
You die...

..## #..# # ##.. .#
g...#########
##.##..#.........# .# ..#..
#.......#
...##)#.#####..g....##########
......#.....'..g@..>'........#
#g..#####..b....########.#
###.# #.......# #.# #.#
######### #.# #.# ######.# #.#
#######......# #.#
#.......###### #.# #.......#
#.# #.......#


You could see 2 hobgoblins and a bat.

Vanquished Creatures
  A kobold (D:1)
  A frilled lizard (D:1)
  2 goblins (D:1)
4 creatures vanquished.

Notes
Turn   | Place    | Note
-------+----------+-------------------------------------------
     0 | D:1      | Forecaster the Naga Wizard began the quest for the Orb.
     0 | D:1      | Reached XP level 1. HP: 15/15 MP: 4/4
   113 | D:1      | Gained mutation: You are partially covered in rugged brown
                  | scales. (AC +1, +3% HP) [potion of mutation]
   113 | D:1      | Gained mutation: You are clumsy. (Dex -2) [potion of
                  | mutation]
   113 | D:1      | Gained mutation: You possess an exceptional clarity of
                  | mind. [potion of mutation]
   114 | D:1      | Slain by a hobgoblin

Levels and vault maps discovered:
D:1:      psy_arrival_basics, layout_basic, corexii_hall_statues_i,
          minmay_pentomino_q4

Action                   || total
-------------------------++-------
Melee: Dagger            ||     4
 Cast: Magic Dart        ||    12
  Use: Potion            ||     1
Armor: Robe              ||     4
Dodge: Dodged            ||    20

Table legend:
 A = Non-vault XP
 B = Vault XP
 C = Vault XP percentage of total XP
 D = Non-vault monster count
 E = Vault monster count
 F = Vault count percentage of total count
                 A         B        C        D         E       F
            +---------+---------+-------+---------+---------+-------
      Total |       4 |       2 |  33.3 |       3 |       1 |  25.0
            +---------+---------+-------+---------+---------+-------
        D:1 |       4 |       2 |  33.3 |       3 |       1 |  25.0
            +---------+---------+-------+---------+---------+-------
